 Dungeon Crawl Stone Soup version 0.24-a0-408-gcc1054c7ca (webtiles) character file.

Game seed: 14633257636556373985

709 Kuinu the Skirmisher (level 7, -5/64 HPs)
             Began as a Minotaur Berserker on June 5, 2019.
             Was a Priest of Trog.
             Killed by divine providence
             ... invoked by an orc priest
              (13 damage)
             ... on level 5 of the Dungeon.
             The game lasted 00:05:51 (2699 turns).

Kuinu the Skirmisher (Minotaur Berserker)           Turns: 2699, Time: 00:05:52

Health: -5/64      AC:  6    Str: 24    XL:     7   Next: 40%
Magic:  6/6        EV: 12    Int:  4    God:    Trog [***...]
Gold:   173        SH:  0    Dex:  9    Spells: 6/6 levels left

rFire    . . .     SeeInvis .   n - +0 war axe
rCold    . . .     Gourm    .   (no shield)
rNeg     . . .     Faith    .   i - +0 ring mail
rPois    .         Spirit   .   (helmet restricted)
rElec    .         Reflect  .   (no cloak)
rCorr    .         Harm     .   (no gloves)
MR       .....                  (no boots)
Stlth    ..........             s - amulet of regeneration
HPRegen  0.60/turn              k - ring of wizardry
MPRegen  0.10/turn              (no ring)

@: very slow
A: retaliatory headbutt, horns 2
a: Berserk, Trog's Hand, Renounce Religion


You were on level 5 of the Dungeon.
You worshipped Trog.
Trog was most pleased with you.
You were hungry.

You visited 1 branch of the dungeon, and saw 5 of its levels.

You collected 173 gold pieces.

Inventory:

Hand Weapons
 a - a +0 hand axe
 n - a +0 war axe (weapon)
 q - a +4 scimitar
Armour
 b - a +0 animal skin
 i - a +0 ring mail (worn)
Jewellery
 k - a ring of wizardry (left hand)
 s - an amulet of regeneration (around neck)
Wands
 u - a wand of flame (23)
Scrolls
 e - a scroll of remove curse {unknown}
 f - 2 scrolls of magic mapping {unknown}
 h - 2 scrolls of identify {unknown}
 l - a scroll of teleportation {unknown}
 p - a scroll of fog {unknown}
 r - a scroll of enchant weapon {unknown}
 w - a scroll of enchant armour {unknown}
Potions
 g - 3 potions of heal wounds {unknown}
 j - 2 potions of brilliance {unknown}
 m - a potion of haste {unknown}
 o - a potion of lignification {unknown}
 t - a potion of berserk rage {unknown}
 v - a potion of curing {unknown}
Comestibles
 c - 11 rations
 d - 3 chunks of flesh


   Skills:
 * Level 6.3 Fighting
 * Level 6.3 Axes
 * Level 5.7 Armour
 + Level 4.0 Dodging


You had 6 spell levels left.
You didn't know any spells.
Your spell library was empty.

Dungeon Overview and Level Annotations

Branches:
Dungeon (5/15)             Temple (0/1) D:5

Altars:
Dithmenos
Elyvilon
Makhleb
Vehumet
Wu Jian

Annotations:
D:5 1 transporter


Innate Abilities, Weirdness & Mutations

You reflexively headbutt those who attack you in melee.
You have a pair of horns on your head.


Message History

You slash the orc!
You kill the orc!
Trog accepts your kill.
You hear a splash.
You hit the plant but do no damage. You hit something.
You are engulfed in a cloud of scalding steam.
The orc throws a boomerang.
The boomerang barely misses you.
The weapon returns to the orc!
You are too injured to fight recklessly!
Unknown command.
You are too injured to fight recklessly!
Unknown command.
You are engulfed in a cloud of scalding steam.
* * * LOW HITPOINT WARNING * * *
The orc throws a boomerang.
The boomerang closely misses you.
The weapon returns to the orc!
A frilled lizard comes into view.
The orc priest mumbles some strange prayers to Beogh against you.
Beogh smites you!
You die...

#..###### #.... #..# #...
#..## #..# .>..## #..#
♣♣♣ # .....## #..# ♣≈≈♣≈#
.#....#####.# ♣≈≈≈≈≈≈
####....##..#####♣o≈Po≈≈♣
# ###.........##{§≈≈P≈≈P
##..##.....@♣P≈≈P♣♣≈
#..###..##♣≈PP≈≈≈≈≈≈ #..#
#..#.P≈≈♣P≈≈≈≈P # #..#
#..#.♣♣≈≈≈≈≈≈♣≈ .# ...#
#.... ≈P≈≈≈≈≈≈ ©.. ....#
#...≈ ≈≈≈≈≈≈≈≈
#######.......P ≈≈≈≈≈≈≈≈
.... ≈≈≈≈≈l≈ .... ≈≈≈≈≈≈≈


You could see an orc priest, an orc and a frilled lizard (wandering).

Vanquished Creatures
  An orc warrior (D:5)
  3 wights (D:4)
  3 orc priests
  2 hounds
  A gnoll shaman (D:4)
  2 orc wizards
  A worker ant (D:4)
  6 gnolls
  4 adders
  4 oozes
  2 worms
  A dart slug (D:1)
  3 leopard geckos
  14 orcs
  3 giant cockroaches
  9 goblins
  8 hobgoblins
  2 jackals (D:3)
  A quokka (D:2)
  10 bats
  12 frilled lizards
  8 kobolds
  14 rats
114 creatures vanquished.

Vanquished Creatures (others)
  A plant (D:5)
1 creature vanquished.

Grand Total: 115 creatures vanquished

Notes
Turn   | Place    | Note
-------+----------+-------------------------------------------
     0 | D:1      | Kuinu the Minotaur Berserker began the quest for the Orb.
     0 | D:1      | Reached XP level 1. HP: 19/19 MP: 0/0
    53 | D:1      | Reached XP level 2. HP: 20/27 MP: 1/1
   298 | D:1      | Reached XP level 3. HP: 26/33 MP: 2/2
   377 | D:1      | Reached ** piety under Trog
   866 | D:2      | Found a white marble altar of Elyvilon.
   981 | D:2      | Reached XP level 4. HP: 38/41 MP: 3/3
  1233 | D:2      | Found a burning altar of Makhleb.
  1234 | D:2      | Found a shadowy altar of Dithmenos.
  1290 | D:2      | Reached *** piety under Trog
  1488 | D:3      | Found an ornate altar of the Wu Jian Council.
  1565 | D:3      | Reached XP level 5. HP: 47/47 MP: 4/4
  1786 | D:3      | Reached skill level 5 in Fighting
  1786 | D:3      | Reached skill level 5 in Axes
  1854 | D:4      | Reached XP level 6. HP: 56/56 MP: 5/5
  1915 | D:4      | Reached skill level 5 in Armour
  2286 | D:4      | Reached XP level 7. HP: 55/62 MP: 6/6
  2423 | D:4      | Found a radiant altar of Vehumet.
  2564 | D:5      | Entered Level 5 of the Dungeon
  2642 | D:5      | Found a transporter.
  2644 | D:5      | Found a staircase to the Ecumenical Temple.
  2699 | D:5      | Killed from afar by an orc priest

Levels and vault maps discovered:
D:1:      dpeg_arrival_rooms_with_view, layout_basic, feat_on_display
D:2:      layout_loops_ring, gammafunk_temple_overflow_pools, elyvilon_altar_5
D:3:      layout_rooms, overflow_temple_1_default, first_ration
D:4:      layout_cave_pools, kennysheep_little_box, minmay_misc_feat_alley
D:5:      layout_layer_cave, grunt_temple_overflow_growth_and_decay,
          nemelex_xobeh_ov_fountains_minmay, minmay_temple_entry_proselytizer,
          gammafunk_ghost_hive, serial_bayou_lake_a, uniq_duvessa, uniq_sigmund

Skill      XL: |  1  2  3  4  5  6  7 |
---------------+----------------------+-----
Axes           | 4 5 6 |  6.3
Fighting       | 4 5 6 |  6.3
Armour         | 3 4 5 |  5.7
Dodging        | 3 4 |  4.0

Action                   |  1- 3 |  4- 6 |  7- 9 || total
-------------------------+-------+-------+-------++-------
Melee: Hand axe          |    75 |    53 |       ||   128
       Headbutt          |    14 |    17 |     7 ||    38
       War axe           |       |    59 |    39 ||    98
Invok: Berserk           |       |     4 |       ||     4
       Trog's Hand       |       |     3 |       ||     3
 Stab: Sleeping          |     1 |       |       ||     1
  Eat: Chunk             |       |     9 |     1 ||    10
Armor: Animal skin       |     6 |       |       ||     6
       Ring mail         |     5 |    39 |    13 ||    57
Dodge: Dodged            |    38 |    77 |    14 ||   129

Table legend:
 A = Non-vault XP
 B = Vault XP
 C = Vault XP percentage of total XP
 D = Non-vault monster count
 E = Vault monster count
 F = Vault count percentage of total count
                 A         B        C        D         E       F
            +---------+---------+-------+---------+---------+-------
      Total |     970 |      44 |   4.3 |     111 |       3 |   2.6
            +---------+---------+-------+---------+---------+-------
        D:1 |      55 |       4 |   6.8 |      28 |       2 |   6.7
        D:2 |      79 |       0 |   0.0 |      29 |       0 |   0.0
        D:3 |     136 |       0 |   0.0 |      25 |       0 |   0.0
        D:4 |     509 |       0 |   0.0 |      24 |       0 |   0.0
        D:5 |     191 |      40 |  17.3 |       5 |       1 |  16.7
            +---------+---------+-------+---------+---------+-------
